 Dungeon Crawl Stone Soup version 0.29.1-12-g30fa7ad0bf (webtiles) character file.

Game seed: 10598690893374426312

2324 Peloso the Carver (level 9, -3/57 (79) HPs)
             Began as a Minotaur Fighter on Jan 17, 2023.
             Was an Initiate of Okawaru.
             Slain by a wight
             ... wielding a +0 spear
              (4 damage)
             ... on level 7 of the Dungeon.
             The game lasted 00:13:36 (7542 turns).

Peloso the Carver (Minotaur Fighter)                Turns: 7542, Time: 00:13:36

HP:   -3/57 (79)    AC: 13    Str: 23    XL:     9   Next: 19%
MP:   8/8           EV:  9    Int:  5    God:    Okawaru [......]
Gold: 478           SH:  7    Dex: 12    Spells: 8/8 levels left

rFire   . . .      SeeInvis .   a - +2 falchion (holy)
rCold   . . .      Faith    .   d - +2 buckler
rNeg    . . .      Spirit   .   q - +0 chain mail
rPois   +          Reflect  .   (helmet restricted)
rElec   .          Harm     .   (no cloak)
rCorr   .          Rampage  .   (no gloves)
Will    .....                   x - +1 pair of boots
Stlth   ..........              (no amulet)
HPRegen 0.19/turn               y - ring of poison resistance
MPRegen 0.11/turn               (no ring)

@: mighty, very heavily drained
A: horns 2, retaliatory headbutt
a: Renounce Religion


You were on level 7 of the Dungeon.
You worshipped Okawaru.
Okawaru was noncommittal.
You visited 2 branches of the dungeon, and saw 8 of its levels.

You collected 478 gold pieces.

Inventory:

Hand Weapons
 a - a +2 falchion of holy wrath (weapon)
Armour
 b - a +0 scale mail
 c - a +0 buckler
 d - a +2 buckler (worn)
 q - a +0 chain mail (worn)
 x - a +1 pair of boots (worn)
Jewellery
 y - a ring of poison resistance (left hand)
 B - a ring of wizardry
Wands
 r - a wand of quicksilver (8)
 s - a wand of flame (21)
 t - a wand of paralysis (5)
 A - a wand of iceblast (10)
Scrolls
 e - a scroll of silence
 f - a scroll of poison
 h - 3 scrolls of noise {unknown}
 k - 2 scrolls of fear {unknown}
 l - 2 scrolls of teleportation {unknown}
 m - a scroll of magic mapping {unknown}
 v - a scroll of fog {unknown}
 z - a scroll of enchant weapon {unknown}
 D - a scroll of amnesia {unknown}
 E - a scroll of enchant armour {unknown}
Potions
 g - 3 potions of mutation
 i - 2 potions of cancellation
 j - 2 potions of might
 o - 2 potions of berserk rage {unknown}
 p - 2 potions of lignification {unknown}
 u - a potion of attraction {unknown}
 w - 2 potions of invisibility {unknown}
Miscellaneous
 C - a phial of floods


   Skills:
 + Level 7.0 Fighting
 + Level 8.9 Long Blades
 + Level 8.6 Armour
 + Level 3.9 Dodging
 + Level 0.4 Stealth
 + Level 6.2 Shields


You had 8 spell levels left.
You didn't know any spells.
Your spell library contained the following spells:

 Spells                   Type           Power      Damage    Failure   Level
 Ignite Poison            Fire/Tmut/Pois 0%         N/A       100%        3
 Mephitic Cloud           Conj/Pois/Air  0%         N/A       100%        3
 Freezing Cloud           Conj/Ice/Air   0%         6-21      100%        5
 Eringya's Noxious Bog    Tmut/Pois      0%         N/A       100%        6
 Summon Forest            Summ/Tloc      Unusable   N/A       N/A         5
 Summon Hydra             Summ           Unusable   N/A       N/A         7

Dungeon Overview and Level Annotations

Branches:
Dungeon (7/15)             Temple (1/1) D:7

Altars:
Ashenzari
Cheibriados
Dithmenos
Elyvilon
Hepliaklqana
Makhleb
Nemelex Xobeh
Okawaru
Ru
Sif Muna
Trog
Vehumet
Xom
Yredelemnul
The Shining One

Annotations:
D:5 4 runed translucent doors


Innate Abilities, Weirdness & Mutations

You have a pair of horns on your head.
You reflexively headbutt those who attack you in melee.


Message History

Unknown command.
You slash the orc!
You kill the orc!
Okawaru accepts your kill.
An orc wizard appears from thin air!
Reactivating autopickup.
The wight hits you from afar with a +0 spear!
* * * LOW HITPOINT WARNING * * *
You feel drained.
* * * LOW HITPOINT WARNING * * *
The orc wizard hits you but does no damage.
You slash the orc!
You kill the orc!
You block the wight's attack. The orc wizard barely misses you.
Unknown command.
You block the wight's attack. You block the orc wizard's attack.
Items here: ))))) [[[ †††.
The wight attacks as you move away! The wight hits you but does no damage.
The wight hits you from afar with a +0 spear.
* * * LOW HITPOINT WARNING * * *
The orc wizard gestures at you while chanting.
You easily resist.
There is an open door here.
The orc wizard points at you and mumbles some strange words.
The magic dart hits you.
* * * LOW HITPOINT WARNING * * *
You block the wight's attack.
There is an open door here.
You barely miss the wight. The wight hits you with a +0 spear.
* * * LOW HITPOINT WARNING * * *
You feel drained. The orc wizard casts a spell at you.
The puff of flame hits you.
* * * LOW HITPOINT WARNING * * *
Unknown command.
Unknown command.
The orc wizard attacks as you move away!
The orc wizard barely misses you. The wight attacks as you move away!
The wight hits you with a +0 spear.
You die...

..... #......+
......#......##
......#.......#
......'.......#
......#.......# .....
#......### .!.. #..)..)+.#
. #.. #####zo)##.#### ..
#.#+#...#@#.#.....#####...
###.......###.#.##........
#...........#....<......#.
##.........##......[###.#.
+.........'..####....#.#.
##.......##..####[..##.#.
#.......###.##........#.
####+#### #......#......
#....#.#....#.


You could see a wight and an orc wizard.

Vanquished Creatures
  A yak (D:5)
  A water moccasin (D:6)
  2 orc warriors
  4 ogres
  A centaur (D:5)
  2 phantoms (D:5)
  A bullfrog (D:5)
  A necrophage (D:6)
  2 scorpions
  4 wights (D:7)
  3 hounds (D:5)
  2 orc priests
  4 jellies
  4 iguanas
  2 gnoll boudas
  6 orc wizards
  Natasha (thrice) (D:3)
  4 gnolls (D:4)
  7 adders
  A white imp (D:6)
  An ufetubus (D:4)
  2 worms (D:5)
  24 orcs
  4 endoplasms
  2 giant cockroaches
  4 goblins
  12 hobgoblins
  4 jackals (D:1)
  6 quokkas
  7 ball pythons
  5 bats
  A frilled lizard (D:2)
  9 kobolds
  4 rats
  2 butterflies (D:7)
142 creatures vanquished.

Notes
Turn   | Place    | Note
-------+----------+-------------------------------------------
     0 | D:1      | Peloso the Minotaur Fighter began the quest for the Orb.
     0 | D:1      | Reached XP level 1. HP: 19/19 MP: 0/0
   216 | D:1      | Reached XP level 2. HP: 22/27 MP: 1/1
  1039 | D:2      | Reached XP level 3. HP: 33/33 MP: 2/2
  1513 | D:2      | Found a hazy altar of Hepliaklqana.
  1531 | D:2      | You fall into a shaft and drop 2 floors!
  1584 | D:3      | Reached XP level 4. HP: 40/41 MP: 3/3
  1862 | D:3      | Found a burning altar of Makhleb.
  1896 | D:3      | Found a faded altar of an unknown god.
  2046 | D:3      | Noticed Natasha
  2053 | D:3      | Killed Natasha
  2126 | D:3      | Found a bloodstained altar of Trog.
  2186 | D:3      | Noticed Natasha
  2198 | D:3      | Killed Natasha
  2199 | D:3      | Reached skill level 5 in Armour
  2199 | D:3      | Reached XP level 5. HP: 31/47 MP: 4/4
  2467 | D:3      | Noticed Natasha
  2473 | D:3      | Killed Natasha
  2583 | D:3      | Found an iron altar of Okawaru.
  2585 | D:3      | Found an iron altar of Okawaru.
  2585 | D:3      | Found a basalt altar of Yredelemnul.
  2587 | D:3      | Found an iron altar of Okawaru.
  2587 | D:3      | Found a stormy altar of Qazlal.
  2587 | D:3      | Found a shimmering altar of Xom.
  2688 | D:3      | Found a snail-covered altar of Cheibriados.
  2900 | D:4      | Noticed an ogre
  2909 | D:4      | Killed an ogre
  2910 | D:4      | Reached skill level 1 in Dodging
  3169 | D:4      | Reached XP level 6. HP: 49/53 MP: 5/5
  3885 | D:4      | Reached skill level 5 in Long Blades
  4249 | D:5      | Entered Level 5 of the Dungeon
  4296 | D:5      | Reached skill level 5 in Fighting
  4296 | D:5      | Reached XP level 7. HP: 61/61 MP: 6/6
  4778 | D:5      | Noticed a yak
  4779 | D:5      | Found a large runed translucent door.
  4779 | D:5      | Found a large runed translucent door.
  4785 | D:5      | Found a large runed translucent door.
  4785 | D:5      | Found a large runed translucent door.
  5338 | D:5      | Found a sparkling altar of Nemelex Xobeh.
  5449 | D:5      | Reached XP level 8. HP: 54/69 MP: 7/7
  5662 | D:5      | Reached skill level 5 in Shields
  6158 | D:6      | Found a sacrificial altar of Ru.
  6568 | D:6      | Found a broken altar of Ashenzari.
  6978 | D:6      | Found a radiant altar of Vehumet.
  7193 | D:7      | Found a staircase to the Ecumenical Temple.
  7206 | D:7      | Reached XP level 9. HP: 59/78 MP: 8/8
  7232 | Temple   | Entered the Ecumenical Temple
  7245 | Temple   | Became a worshipper of Warmaster Okawaru
  7541 | D:7      | HP: 1/57 [orc wizard/puff of flame (4)]
  7542 | D:7      | Slain by a wight

Illustrated notes

Levels and vault maps discovered:
D:1:      onia_arrival_mini_spirals, layout_basic, hex_large,
          kennysheep_decorative_pillar, nrook_campfire
D:2:      minmay_door_path, layout_rooms, basic_altar
D:3:      layout_basic, mainiacjoe_overflow_six_doors_small,
          mainiacjoe_overflow_brackets, doesnt_xom_only_xom, old_standard_altar,
          chequers_ecumenical_altar_grove, kennysheep_generic_room_7,
          uniq_natasha
D:4:      layout_loops_ring
D:5:      layout_loops_ring, mainiacjoe_overflow_catwalk, nrook_uturn,
          minmay_hollow_rounded_squares
D:6:      layout_cave_pools, nicolae_ashenzari_skybound,
          nicolae_vehumet_radiance, mainiacjoe_overflow_cross_hatched,
          chequers_serial_rivers_large_b
D:7:      nicolae_cairo_tiling_very_big, layout_basic,
          grunt_temple_overflow_growth_and_decay,
          nicolae_hepliaklqana_hazy_memory, minmay_temple_entry_butterflies
Temple:   hellmonk_temple_rainy

Skill      XL: |  1  2  3  4  5  6  7  8  9 |
---------------+----------------------------+-----
Fighting       | 4 5 6 7 |  7.0
Armour         | 4 5 6 7 8 |  8.6
Shields        | 4 6 |  6.2
Long Blades    | 3 4 5 6 8 |  8.9
Dodging        | 1 2 3 |  3.9
Stealth        | |  0.4

Action                   |  1- 3 |  4- 6 |  7- 9 || total
-------------------------+-------+-------+-------++-------
Melee: Long sword        |   109 |    15 |       ||   124
       Headbutt          |    14 |    18 |    48 ||    80
       Falchion          |       |   113 |   291 ||   404
  Use: Scroll            |       |     6 |     1 ||     7
       Potion            |       |       |     6 ||     6
Armor: Scale mail        |    53 |    50 |    65 ||   168
       Chain mail        |       |       |   106 ||   106
Dodge: Dodged            |    52 |    46 |   123 ||   221
Block: Buckler           |    35 |    39 |    82 ||   156
